 Dungeon Crawl Stone Soup version 0.30-a0-141-g30f27751c5 (webtiles) character file.

Game seed: 5334127656395783278

74 qw the Chopper (level 4, 0/28 HPs)
             Began as a Gargoyle Fighter on Sept 25, 2022.
             Killed from afar by an orc wizard (10 damage)
             ... with a puff of flame
             ... on level 3 of the Dungeon.
             The game lasted 00:00:33 (2193 turns).

qw the Chopper (Gargoyle Fighter)                   Turns: 2193, Time: 00:00:33

Health: 0/28       AC: 13    Str: 21    XL:     4   Next: 28%
Magic:  4/4        EV:  7    Int:  9    God:
Gold:   88         SH:  4    Dex:  9    Spells: 3/3 levels left

rFire   . . .      SeeInvis .    Y - +1 war axe
rCold   . . .      Faith    .    c - +0 buckler
rNeg    + . .      Spirit   .    a - +0 chain mail
rPois   inf        Reflect  .    (no helmet)
rElec   +          Harm     .    e - +0 cloak
rCorr   .          Rampage  .    (no gloves)
Will    .....                    (no boots)
Stlth   ..........               (no amulet)
HPRegen 0.09/turn                (no ring)
MPRegen 0.09/turn                (no ring)

@: no status effects
A: sickness immunity, AC +3, negative energy resistance 1, electricity
resistance, torment resistance 1, petrification resistance
a: no special abilities


You were on level 3 of the Dungeon.
You visited 1 branch of the dungeon, and saw 3 of its levels.

You collected 88 gold pieces.


Innate Abilities, Weirdness & Mutations

You are immune to sickness and miasma.
Your stone body is resilient. (AC +3)
You are immune to poison.
You resist negative energy. (rN+)
You are resistant to electric shocks. (rElec)
You are resistant to unholy torment.
You are immune to petrification.


   Skills:
 - Level 3.2 Fighting
 + Level 4.0 Axes
 - Level 3.2 Armour
 - Level 3.2 Shields


You had 3 spell levels left.
You didn't know any spells.
Your spell library was empty.

Inventory:

Hand Weapons
 g - a +0 club
 Y - a +1 war axe (weapon)
Armour
 a - a +0 chain mail (worn)
 c - a +0 buckler (worn)
 e - a +0 cloak (worn)
Scrolls
 m - a scroll of identify
Potions
 d - a potion of might
 i - a potion of curing {unknown}
 j - a potion of attraction {unknown}
 k - a potion of mutation {unknown}
 l - a potion of heal wounds {unknown}

Dungeon Overview and Level Annotations

Branches:
Dungeon (3/15)

Altars:


Message History

An orc wizard comes into view. It is wielding a +0 dagger.
You slash the orc!
You kill the orc!
The orc wizard gestures wildly while chanting.
The orc wizard flickers and vanishes!
Deactivating autopickup; reactivate with Ctrl-A.
You slash the orc!
You kill the orc!
You hit the orc priest.
The orc priest is lightly wounded.
The orc priest looks encouraged for a moment.
You closely miss the orc priest.
The orc priest is lightly wounded.
You miss something.
The orc priest hits you but does no damage.
You slash the orc priest!
The orc priest is almost dead.
You closely miss something. Something hits you but does no damage.
You block the orc priest's attack.
You barely miss the orc priest.
The orc priest is almost dead.
You miss something.
You hear some strange, mumbled words.
Something tries to affect you, but you resist.
The orc priest hits you but does no damage.
Something hits you but does no damage.
The orc priest hits you but does no damage.
You hit the orc priest.
The orc priest is almost dead.
You closely miss something.
You hear some strange, mumbled words.
Something tries to affect you, but you resist.
The orc priest hits you but does no damage.
You closely miss the orc priest.
The orc priest is almost dead.
You closely miss something.
You hear some strange, mumbled words.
A puff of flame appears from out of thin air!
The puff of flame hits you!
You die...

#.#.....
#....$. !
#..... oo
#.... .#
###... o##.
###.#.o#.....
..#%).......
#.#{######..
#..o@.......
###.#######.
#.# #.# #.#
#.# #.#
########.#
#....<...#


You could see an orc priest.

Vanquished Creatures
  Jessica (D:3)
  An adder (D:2)
  2 worms
  2 orcs (D:3)
  3 ball pythons
  An endoplasm (D:1)
  A giant cockroach (D:2)
  4 goblins
  A hobgoblin (D:1)
  3 jackals (D:3)
  3 quokkas
  3 bats
  3 kobolds
  A rat (D:1)
29 creatures vanquished.

Notes
Turn   | Place    | Note
-------+----------+-------------------------------------------
     0 | D:1      | qw the Gargoyle Fighter began the quest for the Orb.
     0 | D:1      | Reached XP level 1. HP: 14/14 MP: 1/1
     0 | D:1      | 0 ||| qw: Version: 0.2-a-10-g399e6c4
     0 | D:1      | 0 ||| qw: Game counter: 126
     0 | D:1      | 0 ||| qw: Always use a shield: true
     0 | D:1      | 0 ||| qw: God list: Okawaru
     0 | D:1      | 0 ||| qw: Allow faded altars: false
     0 | D:1      | 0 ||| qw: Do Orc after D:15 true
     0 | D:1      | 0 ||| qw: Do second Lair branch before Depths: true
     0 | D:1      | 0 ||| qw: Lair rune preference: random
     0 | D:1      | 0 ||| qw: Plans: Normal, Zot:1-4, God:TSO, Crypt, Tomb,
                  | Pan, Slime:5, Hells, Abyss, Orb
     0 | D:1      | 0 ||| PLANNING D:1-11
   104 | D:1      | Reached skill level 2 in Axes
   152 | D:1      | Found a faded altar of an unknown god.
   467 | D:1      | Reached XP level 2. HP: 19/19 MP: 2/2
   979 | D:1      | 979 ||| READING scroll labelled FODUMU NEH RUO.
   980 | D:1      | 980 ||| READING scroll labelled UFFEETY MIM.
   981 | D:1      | 981 ||| READING scroll labelled FASCHE LEGG.
   982 | D:1      | 982 ||| READING scroll labelled HARIUTRAET.
   983 | D:1      | 983 ||| READING scroll labelled VEATRATOCY.
  1077 | D:2      | Reached skill level 3 in Axes
  1244 | D:2      | Reached XP level 3. HP: 23/23 MP: 3/3
  2108 | D:2      | 2108 ||| UPGRADING to +0 chain mail.
  2118 | D:2      | 2118 ||| DROPPING +0 scale mail.
  2119 | D:2      | 2119 ||| UPGRADING to +0 cloak.
  2124 | D:2      | 2124 ||| READING scroll labelled TIHEDW JOMISSA.
  2125 | D:2      | 2125 ||| READING scroll labelled FEMYZY MIWK.
  2167 | D:3      | Noticed Jessica
  2168 | D:3      | 2168 ||| Stepping ~*~*~tactically~*~*~ (hiding).
  2171 | D:3      | Killed Jessica
  2172 | D:3      | Reached XP level 4. HP: 28/28 MP: 4/4
  2176 | D:3      | 2176 ||| Stepping ~*~*~tactically~*~*~ (hiding).
  2186 | D:3      | Reached skill level 4 in Axes
  2193 | D:3      | Killed from afar by an orc wizard

Levels and vault maps discovered:
D:1:      beargit_arrival_greenhouse, layout_basic,
          chequers_ecumenical_altar_island
D:2:      layout_loops_corners
D:3:      layout_loops_ring, mainiacjoe_overflow_paths, uniq_jessica

Skill      XL: |  1  2  3  4 |
---------------+-------------+-----
Axes           | 2 3 4 |  4.0
Fighting       | |  3.2
Armour         | |  3.2
Shields        | |  3.2

Action                   |  1- 3 |  4- 6 || total
-------------------------+-------+-------++-------
Melee: War axe           |    79 |    21 ||   100
  Use: Scroll            |     7 |       ||     7
Armor: Scale mail        |    46 |       ||    46
       Chain mail        |     5 |    17 ||    22
Dodge: Dodged            |    40 |     7 ||    47
Block: Buckler           |    13 |     3 ||    16

Table legend:
 A = Non-vault XP
 B = Vault XP
 C = Vault XP percentage of total XP
 D = Non-vault monster count
 E = Vault monster count
 F = Vault count percentage of total count
                 A         B        C        D         E       F
            +---------+---------+-------+---------+---------+-------
      Total |      69 |      37 |  34.9 |      28 |       1 |   3.4
            +---------+---------+-------+---------+---------+-------
        D:1 |      18 |       0 |   0.0 |      11 |       0 |   0.0
        D:2 |      32 |       0 |   0.0 |      10 |       0 |   0.0
        D:3 |      19 |      37 |  66.1 |       7 |       1 |  12.5
            +---------+---------+-------+---------+---------+-------
